 Dungeon Crawl Stone Soup version 0.31-a0-466-g98c9adc2b6 (webtiles) character file.

Game seed: 4650178826909008879

1023575 Ofeo the Conqueror (level 27, -11/291 HPs)
             Began as a Demonspawn Shapeshifter on Aug 5, 2023.
             Was the Champion of Wu Jian.
             Mangled by a bennu (20 damage)
             ... on level 3 of the Tomb of the Ancients on Aug 6, 2023.
             The game lasted 03:54:17 (120161 turns).

Ofeo the Conqueror (Demonspawn Shapeshifter)      Turns: 120161, Time: 03:54:18

Health: -11/291    AC: 27    Str: 27      XL:     27
Magic:  23/23      EV: 22    Int:  5 (7)  God:    Wu Jian [******]
Gold:   8081       SH:  0    Dex: 13 (16) Spells: 26/26 levels left

rFire   + . .        b - +8 mithril axe "Arga" {speed, Will+}
rCold   + . .        (no shield)
rNeg    + + +        P - melded +14 crystal plate armour
rPois   ∞            (helmet unavailable)
rElec   +            (cloak unavailable)
rCorr   .            (gloves unavailable)
SInv    .            (boots currently unavailable)
Will    +++..        n - amulet "Osaecreum" {Faith rF- rN+ Str+7 Slay+2}
Stlth   ++++++++     O - ring of Generosity {*Slow rPois rF+++ rC+ Str-4}
HPRegen 0.68/turn    d - ring of positive energy
MPRegen 0.18/turn

%: slow self (1%), faith
@: exhausted, statue-form, marked, slowed, very slow
A: slow and powerful, torment resistance 1, boosted hp, horns 3, demonic
guardian 3, foul stench 3, corrupting presence 2, word of chaos, weakness
stinger 3, demonic touch 3, dopey 2, frail 1, screaming 2, weak 1, no potion
heal 1, heat vulnerability 1, inability to read after injury 1
}: 10/15 runes: decaying, serpentine, slimy, silver, abyssal, demonic, glowing,
magical, fiery, dark
a: Word of Chaos, Begin Untransformation, Renounce Religion, Wall Jump,
Serpent's Lash, Heavenly Storm


You were on level 3 of the Tomb of the Ancients.
You worshipped Wu Jian.
Wu Jian was exalted by your worship.
You were a living statue of rough stone.
You visited 15 branches of the dungeon, and saw 62 of its levels.
You visited Pandemonium 1 time, and saw 29 of its levels.
You visited the Abyss 4 times.

You collected 11721 gold pieces.
You spent 3640 gold pieces at shops.

Inventory:

Hand Weapons
 a - a +8 spectral quick blade
 b - the +8 mithril axe "Arga" (weapon) {speed, Will+}
   (You found it on level 14 of the Dungeon)

   Will:      It increases your willpower.
 c - a +3 demon trident of freezing
Missiles
 f - 19 javelins
 i - 8 silver javelins (quivered)
 l - 7 throwing nets
 s - 68 poisoned darts
 K - 15 curare-tipped darts
Armour
 P - a +14 crystal plate armour (melded)
Jewellery
 d - a ring of positive energy (right fist)
 e - the amulet of Sidogexe {rC+ Regen+ Str+2 Int-4 Dex+2}
   (You found it on level 3 of the Crypt)

   [amulet of regeneration]

   Str:       It affects your strength (+2).
   Int:       It affects your intelligence (-4).
   Dex:       It affects your dexterity (+2).
   rC:        It protects you from cold.
   Regen:     It increases your rate of health regeneration.
 n - the amulet "Osaecreum" (around neck) {Faith rF- rN+ Str+7 Slay+2}
   (You took it off a deep elf annihilator on level 3 of the Elven Halls)

   [amulet of faith]

   It allows you to gain divine favour quickly.
   Str:       It affects your strength (+7).
   Slay:      It affects your accuracy & damage with ranged weapons and melee
   (+2).
   rF:        It makes you vulnerable to fire.
   rN:        It protects you from negative energy.
 O - the ring of Generosity (left fist) {*Slow rPois rF+++ rC+ Str-4}
   (You took it off a deep elf death mage on level 3 of the Elven Halls)

   [ring of protection from cold]

   Str:       It affects your strength (-4).
   rF:        It renders you almost immune to fire.
   rC:        It protects you from cold.
   rPois:     It protects you from poison.
   *Slow:     It may slow you when you take damage.
 Q - a ring of resist corrosion
 W - a +4 ring of protection
Talismans
 m - a granite talisman (active)
 w - a beast talisman
Wands
 t - a wand of charming (126)
 u - a wand of mindburst (38)
 A - a wand of roots (62)
 E - a wand of digging (15) {@v1}
 N - a wand of acid (68) {@v2}
Scrolls
 g - 3 scrolls of fear
 j - 5 scrolls of immolation
 k - 19 scrolls of blinking {@r4}
 z - 31 scrolls of teleportation {@r3}
 C - 6 scrolls of butterflies
 J - 9 scrolls of revelation
 M - 4 scrolls of fog
 R - 9 scrolls of poison
 S - 4 scrolls of amnesia
 T - 10 scrolls of vulnerability
 U - 9 scrolls of silence
Potions
 h - 5 potions of heal wounds {@q2}
 p - 9 potions of attraction
 q - 30 potions of curing {@q1}
 r - 7 potions of mutation
 v - 13 potions of magic
 x - 8 potions of brilliance
 B - 4 potions of invisibility
 D - 6 potions of resistance {@q6}
 F - 3 potions of haste {@q3}
 G - 2 potions of berserk rage
 I - 5 potions of might {@q4}
 L - 5 potions of cancellation
 X - 8 potions of ambrosia
 Y - 5 potions of enlightenment
Miscellaneous
 o - a phantom mirror
 y - a box of beasts
 H - a lightning rod (4/4)
 V - the horn of Geryon
 Z - a phial of floods


   Skills:
 O Level 27 Fighting
 - Level 14.0 Short Blades
 - Level 12.9(18.0) Axes
 - Level 20.0(21.3) Maces & Flails
 - Level 16.0 Throwing
 - Level 25.7 Armour
 - Level 20.7 Dodging
 - Level 23.3 Stealth
 - Level 3.1 Unarmed Combat
 - Level 10.0 Evocations
 + Level 15.2 Shapeshifting


You had 26 spell levels left.
You didn't know any spells.
Your spell library contained the following spells:

 Spells                   Type           Power      Damage    Failure   Level
 Apportation              Tloc           0%         N/A       47%         1
 Foxfire                  Conj/Fire      0%         2x1d4     47%         1
 Kiss of Death            Conj/Necr      0%         2d5       47%         1
 Magic Dart               Conj           0%         1d3       47%         1
 Necrotise                Necr           0%         1d4       47%         1
 Sandblast                Erth           0%         2d4       47%         1
 Shock                    Conj/Air       0%         1d3       47%         1
 Sting                    Tmut/Pois      0%         1d3       47%         1
 Summon Small Mammal      Summ           0%         N/A       47%         1
 Cigotuvi's Dreadful Rot  Necr/Pois/Air  0%         N/A       63%         2
 Momentum Strike          Conj/Tloc      0%         3d8       63%         2
 Passwall                 Tmut/Erth      0%         N/A       63%         2
 Poisonous Vapours        Pois/Air       0%         N/A       63%         2
 Scorch                   Fire           0%         2d5       63%         2
 Searing Ray              Conj           0%         2d4       63%         2
 Static Discharge         Conj/Air       0%         2-2/arc   63%         2
 Wereblood                Tmut           0%         N/A       63%         2
 Call Canine Familiar     Summ           0%         N/A       85%         3
 Confusing Touch          Hex            0%         N/A       85%         3
 Dazzling Flash           Conj/Hex       0%         N/A       85%         3
 Frozen Ramparts          Ice            0%         1d1       85%         3
 Gell's Gravitas          Tloc           0%         N/A       85%         3
 Hailstorm                Conj/Ice       0%         3d3       85%         3
 Ignite Poison            Fire/Tmut/Pois 0%         N/A       85%         3
 Inner Flame              Hex/Fire       0%         N/A       85%         3
 Mephitic Cloud           Conj/Pois/Air  0%         N/A       85%         3
 Ozocubu's Armour         Ice            0%         N/A       85%         3
 Portal Projectile        Hex/Tloc       0%         N/A       85%         3
 Stone Arrow              Conj/Erth      0%         3d7       85%         3
 Summon Guardian Golem    Hex/Summ       0%         N/A       85%         3
 Swiftness                Air            0%         N/A       85%         3
 Teleport Other           Tloc           0%         N/A       85%         3
 Tukima's Dance           Hex            0%         N/A       85%         3
 Vampiric Draining        Necr           0%         2d6       85%         3
 Vhi's Electric Charge    Tloc/Air       0%         N/A       85%         3
 Volatile Blastmotes      Fire/Tloc      0%         2d10      85%         3
 Airstrike                Air            0%         2d(0-16)  99%         4
 Dispel Undead            Necr           0%         3d6       99%         4
 Flame Wave               Conj/Fire      0%         2d4       99%         4
 Fulminant Prism          Conj/Hex       0%         3d5       99%         4
 Iskenderun's Mystic Bla  Conj/Tloc      0%         2d3       99%         4
 Olgreb's Toxic Radiance  Pois           0%         N/A       99%         4
 Passage of Golubria      Tloc           0%         N/A       99%         4
 Petrify                  Tmut/Erth      0%         N/A       99%         4
 Sticky Flame             Conj/Fire      0%         2d3       99%         4
 Summon Ice Beast         Ice/Summ       0%         N/A       99%         4
 Summon Lightning Spire   Summ/Air       0%         N/A       99%         4
 Agony                    Necr           0%         N/A       100%        5
 Alistair's Intoxication  Tmut/Pois      0%         N/A       100%        5
 Arcjolt                  Conj/Air       0%         1d10      100%        5
 Borgnjor's Vile Clutch   Necr/Erth      0%         N/A       100%        5
 Freezing Cloud           Conj/Ice/Air   0%         6-21      100%        5
 Irradiate                Conj/Tmut      0%         3d11      100%        5
 Iskenderun's Battlesphe  Conj           0%         2d6       100%        5
 Metabolic Englaciation   Hex/Ice        0%         N/A       100%        5
 Silence                  Hex/Air        0%         N/A       100%        5
 Summon Forest            Summ/Tloc      0%         N/A       100%        5
 Summon Mana Viper        Hex/Summ       0%         N/A       100%        5
 Yara's Violent Unravell  Hex/Tmut       0%         3d3       100%        5
 Death Channel            Necr           0%         N/A       100%        6
 Dispersal                Tloc           0%         N/A       100%        6
 Eringya's Noxious Bog    Tmut/Pois      0%         4d6       100%        6
 Leda's Unmaking          Conj/Erth      0%         9d1       100%        6
 Plasma Beam              Fire/Air       0%         2x1d10    100%        6
 Simulacrum               Ice/Necr       0%         N/A       100%        6
 Starburst                Conj/Fire      0%         6d3       100%        6
 Haunt                    Necr/Summ      0%         N/A       100%        7
 Orb of Destruction       Conj           0%         9d5       100%        7
 Ozocubu's Refrigeration  Ice            0%         4d7       100%        7
 Spellforged Servitor     Conj/Summ      0%         N/A       100%        7
 Summon Hydra             Summ           0%         N/A       100%        7
 Borgnjor's Revivificati  Necr           0%         N/A       100%        8
 Disjunction              Tloc           0%         N/A       100%        8
 Ignition                 Fire           0%         3d3       100%        8
 Infestation              Necr           0%         N/A       100%        8
 Lehudib's Crystal Spear  Conj/Erth      0%         10d2      100%        8
 Dragon's Call            Summ           0%         N/A       100%        9
 Sublimation of Blood     Necr           Unusable   N/A       N/A         2

Dungeon Overview and Level Annotations

Branches:
Dungeon (15/15)            Temple (1/1) D:4            Lair (5/5) D:11
  Swamp (4/4) Lair:3        Snake (4/4) Lair:3        Slime (5/5) Lair:4
    Orc (2/2) D:10            Elf (3/3) Orc:2        Vaults (5/5) D:13
  Crypt (3/3) Vaults:3       Tomb (3/3) Crypt:3      Depths (4/4) D:15
   Hell (visited)             Geh (2/7) Hell            Coc (0/7) Hell
    Tar (0/7) Hell            Zot (5/5) Depths:4
    Dis: Hell:1

Altars:
Ashenzari
Cheibriados
Dithmenos
Fedhas
Gozag
Hepliaklqana
Kikubaaqudgha
Makhleb
Nemelex Xobeh
Okawaru
Qazlal
Ru
Sif Muna
Trog
Uskayaw
Vehumet
Wu Jian
Xom
Yredelemnul
Jiyva

Shops:
D:3 (   D:5 ?   D:7 (   D:12 *   D:13 [   D:14 *   Orc:2 ([*:   Elf:1 :
Snake:2 ?   Vaults:5 ?

Portals:
Hell: Depths:1 Depths:2 Depths:3 Depths:4
Abyss: Depths:1 Depths:2 Depths:3 Depths:4
Pandemonium: Depths:2 Depths:3
Ziggurat: Depths:3
Trove: Depths:3 (give +6 demon trident)

Annotations:
Elf:2 1 runed translucent door, bakla's ghost, journeyman DrSh


Innate Abilities, Weirdness & Mutations

You are a living statue of rough stone.
Your actions are slow, but your melee attacks are powerful.
You are resistant to unholy torment.
Your maximum health is greatly increased.
Your equipment is partially melded.
You are immune to poison.
You have a pair of large horns on your head.
A powerful demonic guardian rushes to your aid.
You frequently emit foul miasma when damaged in melee.
Your presence sometimes corrodes or deforms those you injure.
You can speak a Word of Chaos.
You have a sharp stinger which inflicts weakening toxins.
Your touch may irresistibly damage your foes and sap their willpower.
You are very dopey. (Int -4)
You are frail. (-10% HP)
You frequently scream uncontrollably at your foes.
You are weak. (Str -2)
Potions are less effective at restoring your health.
You are vulnerable to heat. (rF-)
You occasionally lose the ability to read scrolls when taking damage.


Message History

Your Executioner hits the royal mummy but does no damage.
Your Executioner hits the royal mummy.
Flame seeps out of the royal mummy.
Your Executioner hits the royal mummy but does no damage.
The royal mummy is engulfed in blazing flames.
Flame seeps out of the royal mummy.
Your corrupting presence corrodes the royal mummy!
The bennu pecks you but does no damage. The bennu misses you. x2
Your Executioner hits the royal mummy!
Flame seeps out of the royal mummy.
Your Executioner hits the royal mummy!
Flame seeps out of the royal mummy.
Your Executioner hits the royal mummy but does no damage.
The Council accepts your kill.
You feel a bit more experienced.
The royal mummy is engulfed in blazing flames.
Flame seeps out of the royal mummy.
The royal mummy gestures wildly while chanting.
The bennu pecks you!
* * * LOW HITPOINT WARNING * * *
The bennu sears you!!
* * * LOW HITPOINT WARNING * * *
The bennu barely misses you. The bennu misses you.
Your Executioner hits the royal mummy!!
Flame seeps out of the royal mummy.
Your Executioner hits the royal mummy.
Flame seeps out of the royal mummy.
Your Executioner hits the royal mummy.
Flame seeps out of the royal mummy.
The spriggan defender skeleton hits you but does no damage.
You take 30 damage, and have 5/291 hp.
Your system partially rejects the healing.
You feel much better.
Your Executioner hits the royal mummy!! The Council accepts your kill.
The death scarab disappears in a puff of smoke!
You feel extremely nervous for a moment...
You feel horribly lethargic.
You feel as though you will be slow longer.
The royal mummy explodes!
Your demonic guardian avoids your attack.
Your Executioner misses the bennu. Your Executioner hits the bennu.
Your Executioner barely misses the bennu.
The bennu pecks you!
* * * LOW HITPOINT WARNING * * *
The bennu sears you!!
You die...

##+# # #.... .##
.B........ #.....
..##..(n.(...... #^....^
..<##.BB.WBMBB.##<......
...^##.MMLWZZB##........
..b.^##(MM..9##...^.....
.....##.BZ...##.8?......
....^.#..9)).#.bZ.....$$
......#..b.).#§1......$$
$$...Mb[9B..bZ°§.....$$=
$$....#.(.†§B#.§.....$$:
$.....#..^§§b#.§.....$=/
#......##.....?$/[
#......##....$$):/
#......# ....


You could see 3 bennus, a spectral caustic shrike (summoned), a death scarab, a
spriggan defender skeleton and a friendly Executioner (summoned, fast).

Vanquished Creatures
  Cerebov (Pan)
  the Royal Jelly (Slime:5)
  Gloorx Vloq (Pan)
  Mnoleg (Pan)
  Lom Lobon (Pan)
  5 dread liches
  9 orbs of fire
  Mennas (Pan)
  26 royal mummies
  7 Killer Klowns
  Frederick (Crypt:3)
  15 pandemonium lords (Pan)
  2 curse toes
  Geryon (Hell)
  A profane servitor (Abyss:3)
  7 golden dragons
  6 bone dragons
  8 Tzitzimimeh (Pan)
  9 Brimstone Fiends (Pan)
  3 electric golems
  3 Ice Fiends (Pan)
  21 tentacled monstrosities
  8 liches
  12 Hell Sentinels (Pan)
  A searing wretch (Geh:1)
  2 deep elf master archers (Elf:3)
  Asterion (Snake:2)
  5 deep elf blademasters
  The ghost of Lance11888 the Summoner, an adept DrSu of Vehumet (Swamp:4)
  22 Executioners (Pan)
  18 quicksilver dragons
  10 ancient champions
  25 Orb Guardians (Zot:5)
  9 titans
  19 acid blobs
  An eldritch tentacle (Elf:2)
  6 death cobs
  8 tentacled starspawn
  12 sphinxes
  12 shadow dragons
  2 thorn hunters (Swamp:2)
  Agnes (Snake:1)
  3 tengu reavers
  16 storm dragons
  A fenstrider witch (Swamp:3)
  Aizul (Crypt:1)
  2 draconian monks
  13 azure jellies
  An azure jelly (shapeshifter) (Vaults:5)
  2 revenants
  4 fire giants
  10 draconian knights
  9 rockslimes
  2 deep elf sorcerers (Elf:3)
  12 demonspawn warmongers (Pan)
  A ghost moth (shapeshifter) (Vaults:5)
  3 ghost moths
  4 frost giants
  4 nagarajas
  2 draconian scorchers
  3 iron dragons
  20 vault wardens
  3 deep elf elementalists
  A caustic shrike zombie (Tomb:3)
  24 ironbound preservers
  49 balrugs
  4 draconian shifters
  14 demonspawn corrupters (Pan)
  5 curse skulls
  9 quicksilver oozes
  3 draconian stormcallers
  4 draconian annihilators
  2 orc warlords
  28 cacodemons
  13 ghouls
  32 very ugly things
  16 reapers
  5 ironbound thunderhulks
  13 demonspawn blood saints (Pan)
  3 juggernaut skeletons
  10 war gargoyles
  7 deep elf demonologists
  9 stone giants
  16 demonspawn black suns (Pan)
  3 eleionomae
  14 green draconians
  6 white draconians
  A bunyip (Swamp:2)
  12 lorocyprocas (Pan)
  10 black draconians
  2 spark wasps (Depths:3)
  9 vampire knights
  12 dire elephants
  9 deep elf annihilators
  21 purple draconians
  10 red draconians
  12 bennus
  44 blizzard demons
  13 yellow draconians
  16 ettins
  An ettin (shapeshifter) (Vaults:5)
  4 eidola
  15 crystal guardians
  9 deep elf death magi
  An entropy weaver (Vaults:1)
  8 jiangshi
  10 great orbs of eyes
  21 green deaths (Pan)
  23 mummy priests
  14 yaktaur captains
  Josephine (Swamp:1)
  A spriggan zombie (Tomb:1)
  4 deep elf high priests
  11 fire dragons
  6 peacekeepers
  2 salamander tyrants (Snake:4)
  17 hydras
  3 juggernaut simulacra
  12 hell beasts
  7 catoblepae
  4 ghost crabs
  9 rakshasas
  31 vault guards
  15 centaur warriors
  5 spriggan air magi
  4 spriggan skeletons
  4 ogre magi
  6 ice dragons
  8 ironbound frosthearts
  6 anacondas
  A fenstrider witch skeleton (Pan)
  36 dancing weapons
  14 alligators
  2 azure jelly zombies
  48 death scarabs
  4 boulder beetles
  8 two-headed ogres
  6 hell hogs
  2 tengu warriors
  9 deep troll shamans
  7 vampire magi
  3 deep troll earth magi
  5 thrashing horrors (Abyss:3)
  30 demonic crawlers
  14 naga warriors
  10 death yaks
  Urug (Lair:4)
  6 shock serpents
  24 deep elf knights
  18 hell knights
  38 soul eaters
  8 orc high priests
  4 spriggan berserkers
  167 sun demons
  13 naga sharpshooters
  A spectral spriggan (Swamp:4)
  5 salamander mystics
  A skyshark (Lair:2)
  Amaemon (Lair:3)
  5 iron trolls
  23 skeletal warriors
  14 shadow wraiths
  The ghost of Ofeo the Trooper, a novice DsSh of Gozag (D:7)
  4 goliath frogs
  9 wretched stars
  A spectral bunyip (Swamp:4)
  27 sixfirhies
  61 deep trolls
  2 spatial maelstroms (Abyss:3)
  A storm dragon skeleton (Elf:2)
  A quicksilver dragon simulacrum (Depths:1)
  40 shadow demons (Pan)
  A golden dragon zombie (Crypt:3)
  3 death drakes
  2 sea snakes (Elf:2)
  A spriggan druid (Swamp:2)
  An orange crystal statue (Depths:3)
  3 swamp dragons
  61 large abominations
  4 harpies
  A golden dragon skeleton (Elf:2)
  17 deep elf archers
  2 lindwurms (shapeshifter)
  12 phantasmal warriors
  2 flayed ghosts
  5 glowing orange brains
  6 naga ritualists
  9 necromancers
  6 orc knights
  7 bog bodies
  15 lindwurms
  11 wizards
  Pikel (D:7)
  32 deep elf pyromancers
  A wolf spider zombie (Crypt:2)
  4 shining eyes
  25 ironbound convokers
  16 mana vipers
  33 deep elf zephyrmancers
  A sphinx zombie (Crypt:2)
  6 orc sorcerers
  9 starcursed masses (Abyss:3)
  3 will-o-the-wisps
  24 ugly things
  A frost giant zombie (Vaults:1)
  5 worldbinders
  2 wolf spiders
  7 manticores
  27 moths of wrath
  22 salamanders
  5 ice statues (Pan)
  A cyclops (D:14)
  A goliath frog skeleton (Crypt:2)
  73 smoke demons
  A titan simulacrum (Elf:2)
  2 dire elephant zombies (Crypt:3)
  10 guardian serpents
  Maurice (D:10)
  11 naga magi
  16 vault sentinels
  15 cane toads
  33 black mambas
  4 eyes of devastation
  6 elephants (Lair:4)
  A shock serpent zombie (Crypt:1)
  15 rust devils
  47 orange demons
  3 gargoyles
  3 apocalypse crabs (Abyss:3)
  A centaur zombie (Crypt:3)
  A shock serpent skeleton (Crypt:1)
  5 unseen horrors
  3 centaur skeletons
  A naga skeleton (Pan)
  11 efreet
  8 freezing wraiths
  A kobold demonologist (Abyss:3)
  A black draconian zombie (Crypt:1)
  8 komodo dragons
  A death yak zombie (Crypt:1)
  A yaktaur (shapeshifter) (D:13)
  27 hellions
  An unseen horror (shapeshifter) (D:15)
  26 yaktaurs
  2 dire elephant skeletons
  12 ice devils
  4 rime drakes
  A komodo dragon (shapeshifter) (Abyss:2)
  A yaktaur skeleton (Vaults:1)
  6 ancient zymes
  5 tormentors
  36 guardian mummies
  8 red devils
  9 tyrant leeches
  A harpy zombie (Crypt:3)
  A bloated husk (Swamp:3)
  14 wind drakes (Pan)
  6 hornets
  A polar bear (Lair:2)
  A queen bee (Abyss:3)
  A tarantella (shapeshifter) (D:14)
  A merfolk (shapeshifter) (Depths:3)
  12 trolls
  11 hellwings
  A jumping spider zombie (Crypt:2)
  6 meliai
  A tarantella (Elf:2)
  13 raiju
  6 harpy skeletons
  A raiju (shapeshifter) (D:15)
  2 ettin zombies
  22 blink frogs
  9 dream sheep
  2 ice dragon zombies
  Sigmund (D:3)
  2 jumping spiders (Elf:2)
  42 flying skulls
  80 slime creatures
  A centaur simulacrum (D:15)
  A fire dragon skeleton (Tomb:1)
  5 spriggans
  A shadow (D:10)
  A dire elephant simulacrum (Tomb:2)
  4 water elementals
  14 ushabtiu
  76 ynoxinuls
  2 air elementals
  4 fire elementals (Elf:1)
  11 wraiths
  5 wyverns
  60 yaks
  5 basilisks
  8 golden eyes
  An elf skeleton (Vaults:1)
  A hog (Elf:2)
  14 vampire mosquitoes
  2 ettin skeletons (Pan)
  63 chaos spawn
  3 swamp worm simulacra (Swamp:4)
  3 steam dragons
  6 redbacks
  A wind drake skeleton (Crypt:2)
  54 neqoxecs
  16 swamp worms
  A water nymph zombie (Crypt:1)
  42 nagas
  4 spatial vortices
  26 water moccasins
  4 acid dragons
  16 hydra simulacra (Swamp:4)
  3 floating eyes
  5 hell hounds (Hell)
  4 swamp drakes
  A meliai simulacrum (D:14)
  4 black bears
  35 orc warriors
  2 ice beasts
  3 sky beasts
  20 centaurs
  An ettin simulacrum (Hell)
  9 ogres
  2 boggarts (Elf:2)
  8 wolves
  2 phantoms
  4 kobold brigands
  7 earth elementals
  7 gnoll sergeants (D:10)
  A wyvern zombie (Crypt:1)
  3 necrophages
  12 bullfrogs
  14 scorpions
  A glowing shapeshifter simulacrum (Elf:2)
  18 wights
  A warg skeleton (Crypt:1)
  18 killer bees
  7 electric eels
  6 howler monkeys
  A vampire bat (Elf:2)
  8 jellies
  2 quasits
  2 hounds
  A gnoll bouda (D:7)
  18 orc priests
  An iron imp (Abyss:3)
  20 small abominations
  A sleepcap (D:7)
  8 iguanas
  29 orc wizards
  4 hell rats (Hell)
  4 lightning spires (Elf:2)
  36 mummies
  17 adders
  3 gnolls (D:10)
  A shadow imp (D:5)
  5 white imps
  3 swamp drake simulacra (Swamp:4)
  4 ufetubi
  2 worms (D:2)
  2 dart slugs (D:2)
  77 orcs
  7 ball pythons
  9 bats
  12 endoplasms
  2 giant cockroaches
  15 goblins
  5 hobgoblins
  13 kobolds
  3 quokkas
  A frilled lizard (D:1)
  A quokka skeleton (Crypt:2)
  5 rats
  A ball lightning (Pan)
  4 fire vortices
  A lurking horror (Abyss:2)
  2 spectral weapons (Zot:3)
  13 starspawn tentacles
3868 creatures vanquished.

Vanquished Creatures (collateral kills)
  A royal mummy (Tomb:3)
  Vashnia (Snake:3)
  Norris (Depths:1)
  A quicksilver dragon (Vaults:5)
  A sphinx (Vaults:5)
  An azure jelly (Slime:4)
  A shadow dragon (Vaults:4)
  A draconian monk (Zot:2)
  A demonspawn warmonger (Pan)
  A deep elf sorcerer (Elf:1)
  A draconian knight (Zot:4)
  A balrug (Pan)
  A demonspawn blood saint (Pan)
  A war gargoyle (Crypt:3)
  A stone giant (Depths:1)
  2 very ugly things (Vaults:5)
  A demonspawn black sun (Pan)
  A green draconian (Zot:1)
  A purple draconian (Zot:2)
  A mummy priest (Tomb:2)
  A green death (Pan)
  2 yaktaur captains
  A blizzard demon (Pan)
  A spriggan zombie (Crypt:3)
  A shambling mangrove (Swamp:4)
  A hydra (Lair:4)
  An ice dragon (Swamp:4)
  A rakshasa (Pan)
  2 shock serpents (Elf:2)
  A deep elf knight (Elf:2)
  A skeletal warrior (Crypt:3)
  A deep elf archer (Elf:2)
  2 necromancers (Crypt:3)
  An ironbound convoker (Vaults:4)
  A deep elf zephyrmancer (Elf:2)
  2 orange demons (Pan)
  A smoke demon (Pan)
  A dire elephant skeleton (Tomb:2)
  2 guardian mummies
  A red devil (Pan)
  A wind drake (Pan)
  A raiju (Elf:2)
  A blink frog (Lair:4)
  A dream sheep (Lair:3)
  A tyrant leech (Swamp:1)
  A slime creature (Slime:4)
  2 ynoxinuls (Pan)
  A chaos spawn (Pan)
  A swamp worm (Lair:3)
  A sky beast (Elf:2)
  A black bear (D:11)
  A wight (D:10)
  An electric eel (D:10)
  A small abomination (Abyss:2)
  3 mummies (Tomb:2)
  2 swamp drake simulacra (Swamp:4)
  2 orcs
68 creatures vanquished.

Vanquished Creatures (others)
  2 demonspawn blood saints (Pan)
  A hell hog (Geh:2)
  A deep elf knight (Elf:2)
  A shadow demon (Pan)
  2 deep elf zephyrmancers
  2 deep elf pyromancers (Elf:2)
  A spectral harpy (Geh:2)
  A bloated husk (Swamp:4)
  A ynoxinul (Pan)
  A vampire mosquito (Swamp:4)
  A neqoxec (Pan)
  An orc wizard (Orc:2)
  3 ball lightnings
  A creeping inferno (Geh:2)
  7 foxfires
  35 spectral weapons
  25 starspawn tentacles
86 creatures vanquished.

Grand Total: 4022 creatures vanquished

Notes
Turn   | Place    | Note
-------+----------+-------------------------------------------
     0 | D:1      | Ofeo the Demonspawn Shapeshifter began the quest for the
                  | Orb.
     0 | D:1      | Reached XP level 1. HP: 15/15 MP: 1/1
   117 | D:1      | Discovered your monstrous ancestry.
   117 | D:1      | Gained mutation: You have a small tail. [demonic ancestry]
   117 | D:1      | Reached XP level 2. HP: 18/21 MP: 2/2
   562 | D:1      | Gained mutation: You have a pair of small horns on your
                  | head. [demonic ancestry]
   562 | D:1      | Reached XP level 3. HP: 15/26 MP: 3/3
  1009 | D:1      | Found a faded altar of an unknown god.
  1564 | D:2      | Reached skill level 2 in Fighting
  1725 | D:2      | Reached XP level 4. HP: 33/33 MP: 4/4
  1801 | D:2      | Found an opulent altar of Gozag.
  2302 | D:2      | Identified the +11 spear "Olunym" {freeze, *Slow rPois
                  | Str+2}
  2366 | D:3      | Found Zuuloiwn's Antique Weapon Boutique.
  2432 | D:3      | Noticed Sigmund
  2565 | D:3      | Killed Sigmund
  2566 | D:3      | Reached skill level 3 in Fighting
  2566 | D:3      | Gained mutation: You may rarely emit foul miasma when
                  | damaged in melee. [demonic ancestry]
  2566 | D:3      | Reached XP level 5. HP: 26/41 MP: 5/5
  2941 | D:3      | Gained mutation: You sometimes emit foul miasma when
                  | damaged in melee. [demonic ancestry]
  2941 | D:3      | Reached XP level 6. HP: 47/47 MP: 6/6
  2948 | D:3      | Identified the +16 plate armour of the Gate {rF+ Int+2
                  | Stlth+}
  3497 | D:3      | Got Viubyud's Omnibus of Last Rites
  3659 | D:4      | Found a staircase to the Ecumenical Temple.
  3782 | Temple   | Entered the Ecumenical Temple
  3820 | Temple   | Became a worshipper of the Wu Jian Council
  4251 | D:4      | Reached skill level 4 in Fighting
  4253 | D:4      | Reached XP level 7. HP: 48/54 MP: 7/7
  4842 | D:5      | Entered Level 5 of the Dungeon
  5408 | D:5      | Reached skill level 5 in Fighting
  5844 | D:5      | Reached skill level 5 in Dodging
  6054 | D:5      | Gained mutation: You have a pair of horns on your head.
                  | [demonic ancestry]
  6054 | D:5      | Reached XP level 8. HP: 62/62 MP: 8/8
  6066 | D:5      | Found Kodiu's Magic Scroll Emporium.
  6069 | D:5      | Bought a scroll of blinking for 82 gold pieces
  6069 | D:5      | Bought a scroll of butterflies for 44 gold pieces
  6069 | D:5      | Bought a scroll of identify for 22 gold pieces
  6360 | D:6      | Reached skill level 5 in Shapeshifting
  6371 | D:6      | Found a runed translucent gate.
  6372 | D:6      | Found a runed translucent gate.
  6373 | D:6      | Found a runed translucent door.
  6405 | D:6      | Found a runed translucent gate.
  6409 | D:6      | Found a runed translucent door.
  6427 | D:6      | Found the +9 staff of Olgreb {rPois∞}
  6591 | D:6      | Reached skill level 6 in Fighting
  6644 | D:6      | Reached * piety under Wu Jian
  6686 | D:6      | Gained mutation: You frequently emit foul miasma when
                  | damaged in melee. [demonic ancestry]
  6686 | D:6      | Reached XP level 9. HP: 69/71 MP: 9/9
  6979 | D:6      | Identified a scroll of acquirement
  6988 | D:6      | Reached skill level 7 in Fighting
  7122 | D:6      | Reached skill level 8 in Fighting
  7123 | D:6      | Reached ** piety under Wu Jian
  7346 | D:7      | Found a transporter.
  7346 | D:7      | Noticed Ofeo's ghost (novice DsSh)
  7347 | D:7      | Found a transporter.
  7438 | D:7      | Noticed Pikel
  7445 | D:7      | Killed Pikel
  7446 | D:7      | Gained mutation: Your touch may inflict minor irresistible
                  | damage on your foes. [demonic ancestry]
  7446 | D:7      | Reached XP level 10. HP: 80/82 MP: 10/10
  7643 | D:7      | Found Igroav's Antique Weapon Shoppe.
  7802 | D:7      | Found a hazy altar of Hepliaklqana.
  8045 | D:8      | Reached skill level 9 in Fighting
  8722 | D:5      | Bought a scroll of enchant weapon for 82 gold pieces
  9816 | D:10     | Entered Level 10 of the Dungeon
 10235 | D:10     | Noticed a green ugly thing
 10240 | D:10     | Killed a green ugly thing
 10440 | D:10     | Noticed a deep elf pyromancer
 10441 | D:10     | Noticed a manticore
 10446 | D:10     | Reached *** piety under Wu Jian
 10454 | D:10     | Killed a deep elf pyromancer
 10481 | D:10     | Killed a manticore
 10482 | D:10     | Reached skill level 10 in Fighting
 10482 | D:10     | Gained mutation: A weak demonic guardian rushes to your
                  | aid. [demonic ancestry]
 10482 | D:10     | Reached XP level 11. HP: 74/90 MP: 11/11
 10580 | D:10     | Identified the +1 dagger "Ugrepnet" {flame, rPois}
 10580 | D:10     | Noticed an ogre mage
 10584 | D:10     | Killed an ogre mage
 11566 | D:10     | Found a staircase to the Orcish Mines.
 11614 | D:10     | Reached **** piety under Wu Jian
 12109 | D:10     | Noticed Maurice
 12110 | D:10     | Reached skill level 10 in Dodging
 12130 | D:10     | Killed Maurice
 12131 | D:10     | Reached skill level 11 in Fighting
 12903 | D:11     | Noticed a boulder beetle
 12912 | D:11     | Killed a boulder beetle
 12986 | D:11     | Noticed a two-headed ogre
 12989 | D:11     | Killed a two-headed ogre
 12990 | D:11     | Gained mutation: Your touch may inflict irresistible damage
                  | on your foes. [demonic ancestry]
 12990 | D:11     | Reached XP level 12. HP: 93/100 MP: 12/12
 13377 | D:11     | Found a staircase to the Lair.
 13853 | D:12     | Noticed a two-headed ogre
 13859 | D:12     | Killed a two-headed ogre
 14125 | D:12     | Reached skill level 12 in Fighting
 14162 | D:12     | Identified the +5 robe of Feasting {rElec rF- Will+++}
 14326 | D:12     | Found Sifien's Assorted Antiques.
 14339 | D:12     | Bought a yellow potion for 18 gold pieces
 14514 | D:12     | Acquired the amulet of Punu {Acrobat Str+5}
 14568 | D:13     | Noticed a centaur warrior
 14577 | D:13     | Killed a centaur warrior
 14580 | D:13     | Noticed a centaur warrior
 14588 | D:13     | Killed a centaur warrior
 14589 | D:13     | Reached skill level 10 in Shapeshifting
 14784 | D:13     | Noticed an angel
 14952 | D:13     | Noticed a centaur warrior
 14956 | D:13     | Killed a centaur warrior
 15122 | D:13     | Reached ***** piety under Wu Jian
 15213 | D:13     | Noticed an ogre mage
 15220 | D:13     | Killed an ogre mage
 15221 | D:13     | Reached skill level 13 in Fighting
 15232 | D:13     | Noticed a two-headed ogre
 15240 | D:13     | Killed a two-headed ogre
 15263 | D:13     | Found a gate to the Vaults.
 15288 | D:13     | Noticed a two-headed ogre
 15294 | D:13     | Killed a two-headed ogre
 15347 | D:13     | Reached XP level 13. HP: 101/111 MP: 13/13
 15724 | D:13     | Found Luoziog's Armour Emporium.
 15931 | D:7      | Bought a demon whip for 315 gold pieces
 16185 | Lair:1   | Entered Level 1 of the Lair of Beasts
 16208 | Lair:1   | Reached skill level 1 in Maces & Flails
 16208 | Lair:1   | Reached skill level 1 in Armour
 16835 | Lair:1   | Reached skill level 1 in Evocations
 18781 | Lair:3   | Found a staircase to the Snake Pit.
 19268 | Lair:3   | Noticed Amaemon
 19288 | Lair:3   | Killed Amaemon
 19546 | Lair:3   | Reached skill level 5 in Maces & Flails
 19546 | Lair:3   | Reached skill level 5 in Armour
 20038 | Lair:3   | Gained mutation: Your touch may irresistibly damage your
                  | foes and sap their willpower. [demonic ancestry]
 20038 | Lair:3   | Reached XP level 14. HP: 119/119 MP: 14/14
 20293 | Lair:3   | Reached skill level 14 in Fighting
 20818 | Lair:3   | Found a staircase to the Swamp.
 21149 | Lair:4   | Reached ****** piety under Wu Jian
 21472 | Lair:4   | Found a staircase to the Slime Pits.
 21541 | Lair:4   | Reached skill level 1 in Throwing
 21601 | Lair:4   | Noticed Urug
 21608 | Lair:4   | Killed Urug
 22220 | Lair:5   | Entered Level 5 of the Lair of Beasts
 22253 | Lair:5   | Identified the +1 cloak of Qareinecvy {rN+ Str+3}
 22844 | Lair:5   | Reached skill level 5 in Evocations
 23492 | Lair:5   | Gained mutation: A demonic guardian rushes to your aid.
                  | [demonic ancestry]
 23492 | Lair:5   | Reached XP level 15. HP: 83/127 MP: 15/15
 24492 | Orc:1    | Entered Level 1 of the Orcish Mines
 24636 | Orc:2    | Entered Level 2 of the Orcish Mines
 25028 | Orc:2    | Gained mutation: You sometimes lose your temper in combat.
                  | [a neqoxec]
 25031 | Orc:2    | Gained mutation: Your body sometimes deteriorates upon
                  | taking damage. [a neqoxec]
 25289 | Orc:1    | Lost mutation: Your body sometimes deteriorates upon taking
                  | damage. [potion of mutation]
 25289 | Orc:1    | Lost mutation: You sometimes lose your temper in combat.
                  | [potion of mutation]
 25289 | Orc:1    | Gained mutation: You are vulnerable to cold. (rC-) [potion
                  | of mutation]
 25289 | Orc:1    | Gained mutation: You have sharp toenails. [potion of
                  | mutation]
 26259 | Orc:2    | Found a staircase to the Elven Halls.
 26692 | Orc:2    | Found Buhunk's Antique Armour Shoppe.
 26693 | Orc:2    | Found Loret's Antique Weapon Emporium.
 26695 | Orc:2    | Found Hoddat's General Store.
 26695 | Orc:2    | Found Masiukku's Book Shoppe.
 26726 | Orc:2    | Bought a scroll of blinking for 75 gold pieces
 26726 | Orc:2    | Bought a potion of heal wounds for 50 gold pieces
 26726 | Orc:2    | Bought a scroll of fear for 40 gold pieces
 27390 | D:14     | Found the +8 mithril axe "Arga" {speed, Will+}
 28311 | D:14     | Found Byottymue's General Store.
 28334 | D:15     | Entered Level 15 of the Dungeon
 28554 | D:15     | Found a radiant altar of Vehumet.
 29170 | D:15     | Found a staircase to the Depths.
 29840 | Swamp:1  | Entered Level 1 of the Swamp
 30005 | Swamp:1  | Reached skill level 15 in Fighting
 30205 | Swamp:1  | Noticed Josephine
 30208 | Swamp:1  | Killed Josephine
 30258 | Swamp:1  | Gained mutation: You have a tail ending in a sharp stinger.
                  | [demonic ancestry]
 30258 | Swamp:1  | Reached XP level 16. HP: 115/136 MP: 16/16
 30632 | Swamp:2  | Reached skill level 5 in Throwing
 30763 | Swamp:2  | Noticed a thorn hunter
 30783 | Swamp:2  | Killed a thorn hunter
 30971 | Swamp:2  | Noticed a thorn hunter
 30975 | Swamp:2  | Killed a thorn hunter
 32122 | Swamp:3  | Paralysed by a fenstrider witch for 2 turns
 32277 | Swamp:3  | Reached skill level 10 in Maces & Flails
 32277 | Swamp:3  | Reached skill level 10 in Armour
 32481 | Swamp:4  | Entered Level 4 of the Swamp
 33146 | Swamp:4  | Found a transporter.
 33147 | Swamp:4  | Noticed Lance11888's ghost (adept DrSu)
 33149 | Swamp:4  | Found a transporter.
 33191 | Swamp:4  | Acquired a manual of Maces & Flails
 34646 | Swamp:4  | Got a decaying rune of Zot
 34731 | Swamp:4  | Killed Lance11888's ghost
 34738 | Swamp:4  | Identified the +0 trident "Myreopix" {freeze, Int+4 Dex+3}
 34750 | Swamp:4  | Identified the ring of Doriorchude {Fire rN+ Int+3}
 34957 | Snake:1  | Entered Level 1 of the Snake Pit
 35516 | Snake:1  | Noticed Agnes
 35524 | Snake:1  | Killed Agnes
 36471 | Snake:2  | Found Ahiqudo's Magic Scroll Shoppe.
 36491 | Snake:2  | Bought a scroll of blinking for 90 gold pieces
 36491 | Snake:2  | Bought a scroll of blinking for 90 gold pieces
 36576 | Snake:2  | Gained mutation: You have a sharp stinger which inflicts
                  | weakening toxins. [demonic ancestry]
 36576 | Snake:2  | Reached XP level 17. HP: 124/142 MP: 17/17
 37179 | Snake:2  | Noticed Asterion
 37183 | Snake:2  | Killed Asterion
 37959 | Snake:3  | Noticed Vashnia
 38927 | Snake:3  | Killed Vashnia
 39402 | Snake:4  | Entered Level 4 of the Snake Pit
 39788 | Snake:4  | Reached skill level 16 in Fighting
 41433 | Snake:4  | Reached XP level 18. HP: 140/151 MP: 14/18
 42063 | Snake:4  | Got a serpentine rune of Zot
 42422 | Vaults:1 | Entered Level 1 of the Vaults
 42552 | Vaults:1 | Reached skill level 15 in Dodging
 43409 | Vaults:1 | Reached skill level 15 in Maces & Flails
 43933 | Vaults:2 | Reached skill level 10 in Evocations
 44639 | Vaults:2 | Acquired 785 gold pieces
 45059 | Vaults:2 | Gained mutation: A powerful demonic guardian rushes to your
                  | aid. [demonic ancestry]
 45059 | Vaults:2 | Reached XP level 19. HP: 159/159 MP: 19/19
 45711 | Vaults:3 | Reached skill level 17 in Fighting
 46367 | Abyss:2  | Cast into level 2 of the Abyss (a wizard)
 46376 | Abyss:2  | Found a corrupted altar of Lugonu.
 46506 | Abyss:2  | Noticed a bone dragon
 46525 | Abyss:2  | Killed a bone dragon
 46668 | Abyss:2  | Reached skill level 10 in Throwing
 46715 | Vaults:3 | Escaped the Abyss
 47051 | Vaults:3 | Identified the +0 robe of Gozag's Favour {-Tele rN++ Dex+2}
 48423 | Vaults:4 | Reached XP level 20. HP: 170/170 MP: 20/20
 48610 | Vaults:4 | Reached skill level 18 in Fighting
 48665 | Vaults:4 | Paralysed by a sphinx for 5 turns
 49682 | Elf:1    | Entered Level 1 of the Elven Halls
 50168 | Elf:1    | Paralysed by an air elemental for 1 turns
 50604 | Elf:1    | Found Poaxuagar's Self-Improvement Boutique.
 50611 | Elf:1    | Bought a manual of Fighting for 1280 gold pieces
 50799 | Abyss:3  | Found a corrupted altar of Lugonu.
 50799 | Abyss:3  | Cast into level 3 of the Abyss (a deep elf sorcerer)
 50828 | Abyss:3  | Found a corrupted altar of Lugonu.
 50841 | Abyss:3  | Gained mutation: You are dopey. (Int -2) [a neqoxec]
 50847 | Abyss:3  | Found a corrupted altar of Lugonu.
 50864 | Abyss:3  | Noticed a dread lich
 50865 | Abyss:3  | Gained mutation: You are weak. (Str -2) [a neqoxec]
 50871 | Abyss:3  | Paralysed by something for 2 turns
 50877 | Abyss:3  | Paralysed by something for 3 turns
 50881 | Abyss:3  | Killed a dread lich
 50882 | Abyss:3  | Reached skill level 1 in Stealth
 50995 | Elf:1    | Escaped the Abyss
 51725 | Elf:2    | Paralysed by a hornet for 3 turns
 51853 | Elf:2    | Got the Information on Toxicity
 51887 | Elf:2    | Noticed bakla's ghost (journeyman DrSh)
 51888 | Elf:2    | Found a runed translucent door.
 51990 | Elf:2    | Got the Directory of Sidekicks
 52429 | Elf:2    | Got the Catalogue of Gases
 52512 | Elf:2    | Found a runed translucent gate.
 52512 | Elf:2    | Found a runed translucent gate.
 52514 | Elf:2    | Found a runed translucent gate.
 52611 | Elf:2    | Reached skill level 19 in Fighting
 52658 | Elf:2    | Got the Atlas of Teratogeny
 52748 | Elf:2    | Reached XP level 21. HP: 180/180 MP: 21/21
 53627 | Elf:2    | Got the Octavo of Mutualism
 54060 | Elf:2    | Got the Secrets of the Blink Frog
 55086 | Elf:3    | Entered Level 3 of the Elven Halls
 55124 | Elf:3    | Reached skill level 5 in Stealth
 55216 | Elf:3    | Found a radiant altar of Vehumet.
 55219 | Elf:3    | Paralysed by an air elemental for 1 turns
 55249 | Elf:3    | Reached skill level 15 in Armour
 55710 | Elf:3    | Identified the +10 lajatang of Doapef {flame, rC- Str+3
                  | Int+5}
 55823 | Elf:3    | Found a huge runed translucent gate.
 55824 | Elf:3    | Found a huge runed translucent gate.
 55825 | Elf:3    | Found a huge runed translucent gate.
 55825 | Elf:3    | Found a huge runed translucent gate.
 55825 | Elf:3    | Found a huge runed translucent gate.
 55825 | Elf:3    | Found a huge runed translucent gate.
 55825 | Elf:3    | Found a huge runed translucent gate.
 55825 | Elf:3    | Found a huge runed translucent gate.
 56067 | Elf:3    | Got Ogeiliqi's Lessons on the Pestilent Gestalt
 56240 | Elf:3    | Reached skill level 20 in Fighting
 56707 | Elf:3    | Identified the amulet "Osaecreum" {Faith rF- rN+ Str+7
                  | Slay+2}
 56722 | Elf:3    | Identified the +9 arbalest of the Eternal Warrior {freeze,
                  | Stlth+}
 56916 | Elf:3    | Identified the ring of Generosity {*Slow rPois rF+++ rC+
                  | Str-4}
 57384 | Elf:3    | Identified the scarf "Meamoq" {repulsion, Harm *Slow rF++
                  | Will+}
 57393 | Elf:3    | Identified the +9 dagger of the Ageing Queen {elec, Drain
                  | rElec rPois SInv}
 57411 | Elf:3    | Got the Directory of Hyperthermia and Anemomancy
 57427 | Elf:3    | Identified the +2 pair of boots "Ceaxiom" {Dex+3}
 58100 | Depths:1 | Entered Level 1 of the Depths
 58163 | Depths:1 | Found a one-way gate to the infinite horrors of the Abyss.
 58712 | Depths:1 | Found a gateway to Hell.
 58717 | Depths:1 | Gained mutation: Your presence sometimes corrodes those you
                  | injure. [demonic ancestry]
 58717 | Depths:1 | Reached XP level 22. HP: 152/192 MP: 22/22
 59178 | Depths:1 | Noticed Norris
 59186 | Depths:1 | Killed Norris
 59521 | Depths:2 | Found a one-way gate leading to the halls of Pandemonium.
 60024 | Depths:2 | Reached skill level 21 in Fighting
 60622 | Depths:2 | Found a shadowy altar of Dithmenos.
 60842 | Depths:3 | Found Pull's Antique Weapon Shop.
 60864 | Depths:3 | Found a one-way gateway to a ziggurat.
 61057 | Depths:3 | Found a portal to a secret trove of treasure.
 61167 | Depths:3 | Gained mutation: You are very dopey. (Int -4) [a cacodemon]
 61612 | Depths:3 | Identified the +5 mace "Ywiewion" {speed, rPois}
 62029 | Depths:3 | Found a shimmering blue altar of Sif Muna.
 62453 | Depths:4 | Entered Level 4 of the Depths
 62697 | Depths:4 | Found a gate to the Realm of Zot.
 62699 | Depths:4 | Noticed a golden dragon
 62709 | Depths:4 | Killed a golden dragon
 63098 | Depths:4 | Found a shimmering altar of Xom.
 63100 | Depths:4 | Found a shimmering altar of Xom.
 63101 | Depths:4 | Found a shimmering altar of Xom.
 63101 | Depths:4 | Found a shimmering altar of Xom.
 63102 | Depths:4 | Found a shimmering altar of Xom.
 63125 | Depths:4 | Found a shimmering altar of Xom.
 63127 | Depths:4 | Found a shimmering altar of Xom.
 63199 | Depths:4 | Got the Grimoire of Grit
 64618 | Vaults:5 | Entered Level 5 of the Vaults
 64689 | Vaults:5 | Reached skill level 22 in Fighting
 64697 | Vaults:5 | Gained mutation: You have a pair of large horns on your
                  | head. [demonic ancestry]
 64697 | Vaults:5 | Reached XP level 23. HP: 161/203 MP: 23/23
 64979 | Vaults:5 | Reached skill level 10 in Stealth
 65355 | Vaults:5 | Paralysed by a sphinx for 2 turns
 65833 | Vaults:5 | Got a silver rune of Zot
 65843 | Vaults:5 | Noticed a dread lich
 65849 | Vaults:5 | Paralysed by a dread lich for 4 turns
 65855 | Vaults:5 | Killed a dread lich
 66107 | Vaults:5 | Found Kauvoann's Magic Scroll Emporium.
 66154 | Vaults:5 | Bought a scroll of butterflies for 92 gold pieces
 66154 | Vaults:5 | Bought a scroll of acquirement for 1196 gold pieces
 66159 | Vaults:5 | Got Faun's Lectures on Arson and Transition
 66375 | Vaults:5 | Noticed a dread lich
 66382 | Vaults:5 | Killed a dread lich
 67213 | Vaults:5 | Identified the +1 flail "Obefeymo" {holy, rF+ Will+}
 67275 | Vaults:5 | Identified the +1 orcbow of Kaelab {speed, MP+9}
 67748 | Vaults:5 | Acquired 1167 gold pieces
 67975 | Slime:1  | Entered Level 1 of the Pits of Slime
 68351 | Slime:2  | You fall into a shaft and drop 1 floor!
 68387 | Slime:5  | Entered Level 5 of the Pits of Slime
 68989 | Slime:5  | Reached XP level 24. HP: 208/213 MP: 23/23
 69286 | Slime:5  | Paralysed by a great orb of eyes for 2 turns
 69314 | Slime:5  | Found a viscous altar of Jiyva.
 69314 | Slime:5  | Noticed the Royal Jelly
 69828 | Slime:5  | Paralysed by a floating eye for 2 turns
 70045 | Slime:5  | Reached skill level 23 in Fighting
 70170 | Slime:5  | Killed the Royal Jelly
 70668 | Slime:5  | Got the Meditations on Blasted Rot
 70675 | Slime:5  | Identified the +7 battleaxe of Totey {spect, rC++}
 70772 | Slime:5  | Got a slimy rune of Zot
 70793 | Slime:5  | Identified the +2 cloak of Dyspraxia {-Tele rN+ Slay+2
                  | SInv}
 70853 | Slime:5  | Identified the +4 dagger of the Wraith {heavy, rPois rN+
                  | Dex+3}
 70865 | Slime:5  | Identified the +0 ice dragon scales of the Constellations
                  | {rF- rC++ Int+3}
 71686 | Crypt:1  | Entered Level 1 of the Crypt
 71690 | Crypt:1  | Paralysed by a vampire knight for 4 turns
 72157 | Crypt:1  | Noticed Aizul
 72165 | Crypt:1  | Killed Aizul
 73739 | Crypt:3  | Entered Level 3 of the Crypt
 74212 | Crypt:3  | Got the Writings on Corpses
 74321 | Crypt:3  | Noticed Frederick
 74335 | Crypt:3  | Killed Frederick
 74578 | Crypt:3  | Found an ancient bone altar of Kikubaaqudgha.
 74579 | Crypt:3  | Noticed a dread lich
 74585 | Crypt:3  | Killed a dread lich
 74623 | Crypt:3  | Identified the amulet of Sidogexe {rC+ Regen+ Str+2 Int-4
                  | Dex+2}
 74626 | Crypt:3  | Identified the +3 ring mail of Orewigg {Rampage Dex+3}
 75278 | Crypt:3  | Found a staircase to the Tomb.
 75851 | Depths:1 | Voluntarily entered the Abyss.
 75851 | Abyss:3  | Found a corrupted altar of Lugonu.
 75902 | Abyss:3  | Found a corrupted altar of Lugonu.
 75912 | Abyss:3  | Gained mutation: Your presence sometimes corrodes or
                  | deforms those you injure. [demonic ancestry]
 75912 | Abyss:3  | Reached XP level 25. HP: 221/221 MP: 23/23
 75982 | Abyss:3  | Found a corrupted altar of Lugonu.
 76000 | Abyss:3  | Reached skill level 1 in Short Blades
 76101 | Abyss:3  | Found a corrupted altar of Lugonu.
 76605 | Abyss:3  | Found a corrupted altar of Lugonu.
 76821 | Abyss:3  | Got an abyssal rune of Zot
 76842 | Depths:1 | Escaped the Abyss
 77087 | Zot:1    | Entered Level 1 of the Realm of Zot
 78867 | Zot:1    | Reached skill level 24 in Fighting
 78889 | Zot:1    | Reached skill level 1 in Axes
 79011 | Zot:1    | Identified the +2 pair of gloves of Jigsaw {rPois rF++}
 80271 | Zot:2    | Noticed a Killer Klown
 80277 | Zot:2    | Killed a Killer Klown
 80277 | Zot:2    | Reached skill level 5 in Axes
 81209 | Zot:2    | Identified the ring "Igiasch" {rPois rC- Int+2 Dex+6 SInv}
 81384 | Zot:2    | Gained mutation: You can speak a Word of Chaos. [demonic
                  | ancestry]
 81384 | Zot:2    | Reached XP level 26. HP: 231/231 MP: 23/23
 81986 | Zot:2    | Identified the +1 glaive "Orerak" {chaos, rF- rN+ Int+4}
 82077 | Zot:3    | Reached skill level 10 in Axes
 83626 | Zot:4    | Noticed an orb of fire
 83628 | Zot:4    | Gained mutation: You have an increased reservoir of magic.
                  | (+10% MP) [an orb of fire]
 83645 | Zot:4    | Killed an orb of fire
 83658 | Zot:4    | Noticed an orb of fire
 83665 | Zot:4    | Killed an orb of fire
 84587 | Zot:4    | Reached skill level 5 in Short Blades
 84807 | Zot:5    | Entered Level 5 of the Realm of Zot
 85667 | Zot:5    | Noticed an orb of fire
 85668 | Zot:5    | Gained mutation: You have hidden genetic defects. [an orb
                  | of fire]
 85672 | Zot:5    | Noticed an orb of fire
 85674 | Zot:5    | Noticed an orb of fire
 85677 | Zot:5    | Killed an orb of fire
 85679 | Zot:5    | Killed an orb of fire
 85681 | Zot:5    | Killed an orb of fire
 85685 | Zot:5    | Noticed an orb of fire
 85694 | Zot:5    | Killed an orb of fire
 85695 | Zot:5    | Reached skill level 10 in Short Blades
 85728 | Zot:5    | Reached XP level 27. HP: 68/238 MP: 22/25
 85728 | Zot:5    | Noticed an orb of fire
 85753 | Zot:5    | Gained mutation: Your body sometimes deteriorates upon
                  | taking damage. [hidden defects]
 85756 | Zot:5    | Killed an orb of fire
 85762 | Zot:5    | Noticed an orb of fire
 85765 | Zot:5    | Noticed an orb of fire
 85767 | Zot:5    | Gained mutation: You sometimes lose your temper in combat.
                  | [an orb of fire]
 85769 | Zot:5    | Gained mutation: You are frail. (-10% HP) [an orb of fire]
 85770 | Zot:5    | Killed an orb of fire
 85770 | Zot:5    | Lost mutation: You have hidden genetic defects. [an orb of
                  | fire]
 85773 | Zot:5    | Killed an orb of fire
 85795 | Zot:5    | Noticed a dread lich
 85809 | Zot:5    | Killed a dread lich
 85972 | Zot:5    | Lost mutation: You are weak. (Str -2) [potion of mutation]
 85972 | Zot:5    | Lost mutation: You have an increased reservoir of magic.
                  | (+10% MP) [potion of mutation]
 85972 | Zot:5    | Gained mutation: Armour fits poorly on your strangely
                  | shaped body. [potion of mutation]
 85973 | Zot:5    | Lost mutation: You sometimes lose your temper in combat.
                  | [potion of mutation]
 85973 | Zot:5    | Lost mutation: Armour fits poorly on your strangely shaped
                  | body. [potion of mutation]
 85973 | Zot:5    | Lost mutation: You are frail. (-10% HP) [potion of
                  | mutation]
 85973 | Zot:5    | Gained mutation: You are agile. (Dex +4, Str/Int -1)
                  | [potion of mutation]
 87168 | D:7      | Killed Ofeo's ghost
 87807 | Pan      | Entered Pandemonium
 87899 | Pan      | Gained mutation: You sometimes lose your temper in combat.
                  | [a neqoxec]
 87945 | Pan      | Lost mutation: You are agile. (Dex +4, Str/Int -1) [potion
                  | of mutation]
 87945 | Pan      | Lost mutation: Your body sometimes deteriorates upon taking
                  | damage. [potion of mutation]
 87945 | Pan      | Lost mutation: You sometimes lose your temper in combat.
                  | [potion of mutation]
 87945 | Pan      | Lost mutation: You have sharp toenails. [potion of
                  | mutation]
 87945 | Pan      | Gained mutation: You occasionally shout uncontrollably at
                  | your foes. [potion of mutation]
 87945 | Pan      | Gained mutation: You are somewhat resistant to further
                  | mutation. [potion of mutation]
 87986 | Pan      | Noticed Wepsur the pandemonium lord
 87999 | Pan      | Killed Wepsur the pandemonium lord
 88499 | Pan      | Gained mutation: You are weak. (Str -2) [a neqoxec]
 89299 | Pan      | Noticed Jatemeen the pandemonium lord
 89304 | Pan      | Killed Jatemeen the pandemonium lord
 91181 | Pan      | Noticed Okhlaoz the pandemonium lord
 91193 | Pan      | Killed Okhlaoz the pandemonium lord
 92038 | Pan      | Noticed Ijorpheame the pandemonium lord
 92047 | Pan      | Killed Ijorpheame the pandemonium lord
 92897 | Pan      | Reached skill level 25 in Fighting
 93229 | Pan      | Identified the +10 flail "Ytiocsuolal" {heavy, Will++ SInv}
 93320 | Pan      | Found an exit through the horrors of the Abyss.
 93386 | Pan      | Paralysed by accursed screaming for 1 turns
 94543 | Pan      | Noticed Waisch the pandemonium lord
 94554 | Pan      | Killed Waisch the pandemonium lord
 94555 | Pan      | Reached skill level 15 in Stealth
 94651 | Pan      | Noticed Pynin the pandemonium lord
 95117 | Pan      | Killed Pynin the pandemonium lord
 96067 | Pan      | Entered the realm of Mnoleg.
 96121 | Pan      | Gained mutation: You are frail. (-10% HP) [a shining eye]
 96161 | Pan      | Noticed Mnoleg
 96166 | Pan      | Killed Mnoleg
 96184 | Pan      | Gained mutation: You occasionally lose the ability to read
                  | scrolls when taking damage. [a neqoxec]
 96193 | Pan      | Reached skill level 15 in Throwing
 96232 | Pan      | Got a glowing rune of Zot
 96320 | Pan      | Lost mutation: You are vulnerable to cold. (rC-) [potion of
                  | mutation]
 96320 | Pan      | Lost mutation: You are very dopey. (Int -4) [potion of
                  | mutation]
 96322 | Pan      | Entered the realm of Cerebov.
 96853 | Pan      | Found the +6 sword of Cerebov {flame}
 96853 | Pan      | Noticed Cerebov
 96870 | Pan      | Killed Cerebov
 96871 | Pan      | Reached skill level 26 in Fighting
 97304 | Pan      | Identified the +10 spear of the Equinox {heavy, *Corrode
                  | rN+ Str+9 Stlth+}
 97315 | Pan      | Identified the +9 broad axe of the Gnat {vamp, *Noise rPois
                  | rF++ rCorr}
 97378 | Pan      | Identified the ring of Gepteo {Str+6 SInv}
 97380 | Pan      | Got the Omnibus of Radiant Spellbinding
 97841 | Pan      | Got a fiery rune of Zot
 98722 | Pan      | Found an exit through the horrors of the Abyss.
 99096 | Pan      | Noticed Equasal the pandemonium lord
 99101 | Pan      | Killed Equasal the pandemonium lord
 99108 | Pan      | Identified the ring of Ashenzari's Reproof {rPois Int+3
                  | Dex+4}
 99770 | Pan      | Entered the realm of Lom Lobon.
100190 | Pan      | Noticed Lom Lobon
100197 | Pan      | Killed Lom Lobon
100237 | Pan      | Got a magical rune of Zot
100727 | Pan      | Entered the realm of Gloorx Vloq.
100765 | Pan      | Noticed Gloorx Vloq
100787 | Pan      | Reached skill level 27 in Fighting
101172 | Pan      | Killed Gloorx Vloq
101184 | Pan      | Got a dark rune of Zot
101219 | Pan      | Identified the +3 hand axe of Merhoack {flame, rCorr}
101571 | Pan      | Gained mutation: You are very dopey. (Int -4) [a neqoxec]
101873 | Pan      | Noticed Diecwepn the pandemonium lord
101874 | Pan      | Killed Diecwepn the pandemonium lord
101889 | Pan      | Identified the amulet "Pamoada" {Spirit Int+4 Slay+2}
102021 | Pan      | Noticed Virghaes the pandemonium lord
102026 | Pan      | Killed Virghaes the pandemonium lord
102332 | Pan      | Got a demonic rune of Zot
102637 | Pan      | Identified the +4 ring mail "Esoazyw" {Drain Str+5 Int+3}
102655 | Pan      | Noticed Unnammuc the pandemonium lord
102663 | Pan      | Killed Unnammuc the pandemonium lord
102842 | Pan      | Found an exit through the horrors of the Abyss.
103049 | Pan      | Found an exit through the horrors of the Abyss.
104616 | Pan      | Noticed Esiuluaf the pandemonium lord
104623 | Pan      | Killed Esiuluaf the pandemonium lord
105309 | Pan      | Found an exit through the horrors of the Abyss.
105357 | Pan      | Noticed Icraow the pandemonium lord
105372 | Pan      | Killed Icraow the pandemonium lord
105503 | Pan      | Found a runed translucent door.
105503 | Pan      | Found a runed translucent door.
105506 | Pan      | Found a runed translucent door.
105516 | Pan      | Found a runed translucent door.
105517 | Pan      | Noticed Vefauny the pandemonium lord
105525 | Pan      | Killed Vefauny the pandemonium lord
105720 | Pan      | Identified the +1 long sword "Xioninan" {pain, Str+3 Int-4
                  | SInv}
105957 | Pan      | Found an exit through the horrors of the Abyss.
106180 | Pan      | Identified the +0 robe "Mereyhuo" {Harm Dex+4}
106456 | Pan      | Found an exit through the horrors of the Abyss.
107134 | Pan      | Noticed Pakex the pandemonium lord
107148 | Pan      | Killed Pakex the pandemonium lord
107296 | Pan      | Found an exit through the horrors of the Abyss.
107331 | Pan      | Noticed Sucosk the pandemonium lord
107337 | Pan      | Killed Sucosk the pandemonium lord
107774 | Pan      | Noticed Mennas
107780 | Pan      | Killed Mennas
108267 | Pan      | Found an exit through the horrors of the Abyss.
108291 | Pan      | Took an exit into the Abyss.
108291 | Abyss:3  | Escaped into the Abyss
108306 | Depths:2 | Escaped the Abyss
108608 | D:5      | Bought a scroll of enchant armour for 82 gold pieces
108608 | D:5      | Bought a scroll of enchant armour for 82 gold pieces
109351 | Hell     | Entered the Vestibule of Hell
109351 | Hell     | Noticed Geryon
109355 | Hell     | Killed Geryon
109400 | Hell     | Found a gateway to the freezing wastes of Cocytus.
109602 | Hell     | Found a gateway to the decaying netherworld of Tartarus.
109976 | Hell     | Found a gateway to the ashen valley of Gehenna.
110152 | Geh:1    | Entered Level 1 of Gehenna
111020 | Tomb:1   | Entered Level 1 of the Tomb of the Ancients
112033 | Tomb:1   | Paralysed by a sphinx for 4 turns
112765 | Tomb:1   | Noticed a royal mummy
112774 | Tomb:1   | Killed a royal mummy
113299 | Tomb:1   | Noticed a royal mummy
113307 | Tomb:1   | Killed a royal mummy
114740 | Tomb:2   | Noticed a royal mummy
114748 | Tomb:2   | Noticed a royal mummy
114748 | Tomb:2   | Noticed a royal mummy
114748 | Tomb:2   | Noticed a royal mummy
114751 | Tomb:2   | Killed a royal mummy
114751 | Tomb:2   | Killed a royal mummy
114752 | Tomb:2   | Noticed a royal mummy
114756 | Tomb:2   | Killed a royal mummy
114758 | Tomb:2   | Killed a royal mummy
114760 | Tomb:2   | Killed a royal mummy
115504 | Tomb:1   | Noticed a royal mummy
115507 | Tomb:1   | Killed a royal mummy
115811 | Tomb:1   | Noticed a royal mummy
115812 | Tomb:1   | Noticed a royal mummy
115815 | Tomb:1   | Killed a royal mummy
115817 | Tomb:1   | Noticed a royal mummy
115819 | Tomb:1   | Killed a royal mummy
115828 | Tomb:1   | Killed a royal mummy
115864 | Tomb:1   | Noticed a royal mummy
116290 | Tomb:1   | Killed a royal mummy
116356 | Tomb:1   | Noticed a royal mummy
116363 | Tomb:1   | Killed a royal mummy
116368 | Tomb:1   | Noticed a royal mummy
116375 | Tomb:1   | Killed a royal mummy
116604 | Tomb:1   | Noticed a royal mummy
116614 | Tomb:1   | Noticed a royal mummy
116624 | Tomb:1   | Noticed a royal mummy
116625 | Tomb:1   | Killed a royal mummy
116626 | Tomb:1   | Noticed a royal mummy
116628 | Tomb:1   | Killed a royal mummy
116634 | Tomb:1   | Killed a royal mummy
116635 | Tomb:1   | Killed a royal mummy
116654 | Tomb:1   | Noticed a royal mummy
116658 | Tomb:1   | Noticed a royal mummy
116658 | Tomb:1   | Noticed a royal mummy
117123 | Tomb:1   | Noticed a royal mummy
117129 | Tomb:1   | Killed a royal mummy
117235 | Tomb:1   | Killed a royal mummy
117554 | Tomb:1   | Noticed a royal mummy
117558 | Tomb:1   | Killed a royal mummy
117568 | Tomb:1   | Killed a royal mummy
117570 | Tomb:1   | Noticed a royal mummy
117581 | Tomb:1   | Killed a royal mummy
118251 | Tomb:1   | Killed a royal mummy
118279 | Tomb:1   | Noticed a royal mummy
118284 | Tomb:1   | Killed a royal mummy
118340 | Tomb:1   | Noticed a royal mummy
118348 | Tomb:1   | Killed a royal mummy
119360 | Tomb:2   | Gained mutation: You are vulnerable to heat. (rF-)
                  | [mutagenic glow]
119368 | Tomb:2   | Lost mutation: You are somewhat resistant to further
                  | mutation. [mutagenic glow]
119380 | Tomb:2   | Gained mutation: Potions are less effective at restoring
                  | your health. [mutagenic glow]
119390 | Tomb:2   | Gained mutation: You frequently scream uncontrollably at
                  | your foes. [mutagenic glow]
119770 | Tomb:3   | Entered Level 3 of the Tomb of the Ancients
119788 | Tomb:3   | Noticed a royal mummy
119793 | Tomb:3   | Noticed a royal mummy
120153 | Tomb:3   | Noticed a royal mummy
120155 | Tomb:3   | Reached skill level 15 in Shapeshifting
120160 | Tomb:3   | HP: 5/291 [bennu (20)]
120161 | Tomb:3   | Killed a royal mummy
120161 | Tomb:3   | Mangled by a bennu

Illustrated notes

Levels and vault maps discovered:
D:1:      lemuel_arrival_hallway, layout_basic,
          dilly_ecumenical_altar_fadedgnrine, minmay_misc_feat_hallway,
          hangedman_glass_garden
D:2:      minmay_angry_zag, layout_rooms, serial_co_window_serial,
          co_window_paths_b, co_window_paths_b, co_window_paths_b,
          co_window_paths_a, co_window_paths_a, co_window_paths_a,
          co_window_corner_a, co_window_corner_cb, co_window_broadway_a,
          co_window_broadway_c, glass_columns_a, glass_columns_b,
          glass_columns_c, glass_columns_b, glass_columns_b, basic_altar,
          columned_hall_lemuel
D:3:      layout_basic, serial_shops, shop, uniq_sigmund
D:4:      layout_basic, minmay_temple_entry_wispy
D:5:      layout_basic, serial_shops, kennysheep_mini
D:6:      layout_rooms, minmay_guarded_unrand_staff_of_olgreb
D:7:      layout_loops_ring, marbit_many_paths, gammafunk_ghost_arena,
          serial_shops, shop, uniq_pikel
D:8:      layout_loops_cross, minmay_large_rounded_square
D:9:      layout_stronghold
D:10:     layout_basic, kennysheep_orc_monster_closet_entryway,
          nicolae_doodle_vault, uniq_maurice
D:11:     layout_basic, minmay_lair_entry_grove, billiards_dpeg
D:12:     layout_rooms, nicolae_stop_n_shop_2
D:13:     layout_gridville, david_vaults_2, nicolae_stop_n_shop_1, zin_angel
D:14:     layout_gridville, serial_shops, nicolae_shop_tiny_real_fake_doors,
          hangedman_decor_growths, drop_trap
D:15:     hangedman_depths_entry_try_elsewhere_first, layout_loops_ring,
          nicolae_vehumet_altar_sigil
Temple:   mainiacjoe_temple_circle_huts
Lair:1:   layout_long_grid, nicolae_lair_lindhole, infiniplex_staircase_pool_2,
          grunt_megastairs_5, lemuel_fruit_tree
Lair:2:   minmay_lair_venomous_thicket, layout_misc_corridors
Lair:3:   nzn_winding_woodlands_stair_cross [nzn_winding_woodlands_5x15_eye,
          nzn_winding_woodlands_center_diamonds,
          nzn_winding_woodlands_5x15_split_checker,
          nzn_winding_woodlands_hourglass, nzn_winding_woodlands_5x5_three,
          nzn_winding_woodlands_5x15_twine, nzn_winding_woodlands_center_lodge,
          nzn_winding_woodlands_5x15_jagged], layout_big_grid,
          nicolae_swamp_entry_splash_gauntlet, minivault_27, uniq_amaemon
Lair:4:   layout_regular_city, nicolae_slime_entry_slimehenge, uniq_urug
Lair:5:   evilmike_catoblepas_cave, layout_cave_pods, nicolae_lair_yak_garden,
          serial_bayou_shore_b
Swamp:1:  layout_basic_swamp, evilmike_swamp_ruin_house_5, uniq_josephine
Swamp:2:  layout_basic_swamp, evilmike_swamp_ruin_rubble_2, swamp_pool2,
          nicolae_swamp_very_dense_foliage
Swamp:3:  layout_falls_marsh, nicolae_swamp_some_circles
Swamp:4:  swamp_icy, layout_basic_swamp, gammafunk_ghost_mausoleum
Snake:1:  layout_grid_shapes, serial_bayou_shore_b, nicolae_triple_integral,
          uniq_agnes
Snake:2:  layout_misc_corridors, serial_shops, shop, nicolae_integral_box,
          uniq_asterion
Snake:3:  layout_rooms, uniq_vashnia
Snake:4:  grunt_snake_rune_pools, layout_onion, grunt_ministairs_14,
          nicolae_snake_slithery_corners
Slime:1:  layout_caves, cheibrodos_slime_lost_civilization_5
Slime:2:  layout_caves, cheibrodos_slime_lost_civilization_4
Slime:3:  layout_caves, cheibrodos_slime_lost_civilization_6
Slime:4:  layout_caves
Slime:5:  slime_pit_nicolae_block_by_block
Orc:1:    layout_diamond_mine
Orc:2:    st_orc_congregation, layout_diamond_mine, lightli_orcish_oven
Elf:1:    nicolae_elf_arrival_no_cutting_in_line, layout_geoelf_diagonals,
          minivault_28, nicolae_shop_self_help
Elf:2:    nicolae_elf_blades_splatter_lattice
          [nicolae_blade_entry_diamond_columns], layout_onion_city,
          gammafunk_ghost_grave, serial_hangedman_research,
          hangedman_research_quantum, hangedman_research_convocations,
          hangedman_research_metamorphosis, hangedman_research_thanatology,
          hangedman_research_toxicology, hangedman_research_electronics
Elf:3:    elf_hall, layout_onion_city, basic_altar,
          nicolae_elf_double_double_double_trouble
Vaults:1: vaults_mumra_minichess_inversion, nicolae_vaults_tetromino_Z_1,
          v_misc_8, nicolae_vaults_diagonal_hallway_7,
          nicolae_vaults_trapezoid_2, layout_vaults_omnigrid
Vaults:2: v_misc_23, nicolae_vaults_network_s, nicolae_vaults_closet_pinwheel_5,
          v_misc_26, grunt_vaults_funnel, nicolae_vaults_more_shelving_1,
          nicolae_vaults_tetromino_T_1, vaults_dpeg_ring,
          nicolae_vaults_little_squares_2, nicolae_vaults_sesquioval_fish,
          nicolae_vaults_trapezoid_3, vaults_dpeg_hooks,
          ontoclasm_vaults_gateway, layout_vaults_omnicross
Vaults:3: hangedman_vaults_hat, minmay_crypt_entry_simple_statues,
          nicolae_vaults_little_squares_5, ontoclasm_vaults_claustrophobia,
          vaults_standard_mumra_lines, nicolae_vaults_frosty_reception,
          vaults_mumra_hex, nicolae_vaults_more_shelving_2,
          ontoclasm_vaults_pinch, hangedman_vaults_stretched_pinwheel,
          nicolae_vaults_closet_pinwheel_4, nicolae_vaults_trapezoid_lopsided_1,
          grunt_vaults_hallway_long, layout_vaults_maze_snakey
Vaults:4: hangedman_vaults_stream, nicolae_vaults_wrenched,
          nicolae_vaults_network_quinsquares
          [nicolae_vaults_network_quincunx_subvault,
          nicolae_vaults_network_quincunx_subvault,
          nicolae_vaults_network_quincunx_subvault,
          nicolae_vaults_network_quincunx_subvault],
          nicolae_vaults_an_arrangement, vaults_room_pool,
          vaults_mumra_chevron_long, v_rooms_3, v_rooms_2,
          nicolae_vaults_storage_closets_1, vaults_room_stairs_pillars,
          layout_vaults_big_room
Vaults:5
Crypt:1:  layout_regular_city, st_stairs_3, grunt_ministairs_5,
          grunt_crypt_arrival_webbed, uniq_aizul
Crypt:2:  layout_chaotic_city, st_stairs_14
Crypt:3:  cryptofortress_bobbens, uniq_frederick, uniq_boris
Tomb:1
Tomb:2
Tomb:3
Depths:1: layout_gridlike, bh_walls_and_bars, grunt_mini_vestibule, abyss_entry,
          st_stairs_13, hangedman_cracks_in_the_wall, uniq_norris
Depths:2: evilmike_marble_ring, layout_gridville, abyss_entry,
          grunt_dithmenos_smoke_and_mirrors, grunt_pan_entry_in_and_out,
          grunt_hell_entry_dis_mu, elyvilon_altar_3
Depths:3: minmay_crystal_thing, layout_cave_pools, enter_ziggurat_b,
          kennysheep_cross_room, abyss_entry, hell_entry,
          rand_demon_pan_entry_4, serial_shops, shop,
          nicolae_trove_entry_crossroad
Depths:4: grunt_zot_entry_bicorn, layout_honeycomb, xom_redecorated, hell_entry,
          abyss_entry_small_statue_room
Hell
Geh:1:    layout_gehenna_pools_basic
Geh:2:    nicolae_geh_seventh_circle, layout_gehenna_lava_caves
Zot:1:    layout_cellular_growth, grunt_ministairs_6, st_small_dragon_hoard_1,
          grunt_megastairs_3
Zot:2:    cheibrodos_zot_enchanting_chambers, layout_onion_interference,
          st_single_dragon_hoard_2
Zot:3:    layout_onion
Zot:4:    layout_twisted_circle, lemuel_lake_of_fire
Zot:5:    layout_misc_corridors, st_stairs_13

Skill      XL: |  1  2  3  4  5  6  7  8  9 10 11 12 13 14 15 16 17 18 19 20 21 22 23 24 25 26 27 |
---------------+----------------------------------------------------------------------------------+-----
Dodging        | 2 3 4 5 6 7 9 10 12 13 14 15 16 17 18 19 20 | 20.7
Unarmed Combat | 3 |  3.1
Shapeshifting  | 3 4 5 7 8 9 10 15 | 15.2
Fighting       | 2 3 4 5 6 8 10 11 13 14 15 16 17 19 20 22 23 24 27 | 27.0
Maces & Flails | 5 7 9 11 14 16 18 19 20 | 20.0
Armour         | 5 7 9 10 11 12 13 14 15 16 17 18 19 25 | 25.7
Evocations     | 3 5 6 8 9 10 | 10.0
Throwing       | 2 4 6 7 9 10 12 16 | 16.0
Stealth        | 3 7 9 11 13 14 23 | 23.3
Short Blades   | 4 11 14 | 14.0
Axes           | 8 12 | 12.9

Action                     |  1- 3 |  4- 6 |  7- 9 | 10-12 | 13-15 | 16-18 | 19-21 | 22-24 | 25-27 || total
---------------------------+-------+-------+-------+-------+-------+-------+-------+-------+-------++-------
  Melee: Unarmed           |   106 |     5 |       |       |       |       |       |       |       ||   111
         Punch             |     3 |       |     1 |     8 |    22 |    29 |    39 |    55 |   247 ||   404
         Tailslap          |     7 |     1 |    12 |    56 |   158 |   223 |   239 |   302 |  1315 ||  2313
         Headbutt          |     6 |     1 |    19 |    85 |   217 |   329 |   328 |   466 |  2009 ||  3460
         Spear             |       |    50 |   158 |   423 |   839 |       |       |       |       ||  1470
         Touch             |       |       |       |    53 |   173 |   237 |   225 |   286 |  1108 ||  2082
         Staff             |       |       |       |       |   160 |   216 |       |       |       ||   376
         Kick              |       |       |       |       |    95 |   487 |   548 |   712 |   572 ||  2414
         Demon whip        |       |       |       |       |       |   902 |  1248 |  1405 |   595 ||  4150
         Quick blade       |       |       |       |       |       |       |       |    22 |  4919 ||  4941
         Broad axe         |       |       |       |       |       |       |       |       |   563 ||   563
  Throw: Javelin           |       |       |       |       |       |    25 |    17 |     4 |    12 ||    58
 Invoke: Serpent's Lash    |       |       |       |       |     6 |    11 |     6 |     6 |    52 ||    81
         Heavenly Storm    |       |       |       |       |       |     1 |       |       |     8 ||     9
Ability: Lunge             |       |       |     1 |     8 |    60 |   124 |   149 |   159 |   568 ||  1069
         Whirlwind         |       |       |       |    17 |   146 |   152 |   187 |   235 |   668 ||  1405
         Evoke the Staff o |       |       |       |       |    12 |     2 |     1 |       |       ||    15
         Wall Jump         |       |       |       |       |       |     2 |     2 |       |    15 ||    19
  Evoke: Wand              |       |       |       |     8 |       |       |       |     4 |     2 ||    14
    Use: Scroll            |       |       |     8 |     7 |     8 |    19 |     5 |     6 |    28 ||    81
         Potion            |       |       |     1 |       |     1 |     1 |     5 |     3 |    33 ||    44
   Stab: Confused          |       |       |       |       |       |     2 |       |       |       ||     2
         Distracted        |       |       |       |       |       |       |     1 |     5 |    81 ||    87
         Petrified         |       |       |       |       |       |       |     2 |       |       ||     2
         Sleeping          |       |       |       |       |       |       |       |       |    12 ||    12
 Armour: Ring mail         |    39 |     2 |       |       |       |       |       |       |       ||    41
         Animal skin       |     1 |       |       |       |       |       |       |       |       ||     1
         Plate armour      |       |     9 |   103 |   257 |   521 |   442 |   370 |   462 |   807 ||  2971
         Crystal plate arm |       |       |       |       |       |       |       |       |   158 ||   158
         Skin              |       |       |       |       |       |       |       |       |    46 ||    46
  Dodge: Dodged            |    47 |    15 |    46 |   145 |   520 |   478 |   427 |   372 |  1181 ||  3231
  Block: Other             |       |     2 |    44 |    45 |       |       |       |       |       ||    91
         Reflection        |       |       |     4 |     2 |       |       |       |       |       ||     6
   Form: Statue            |       |       |       |       |       |       |       |       |     4 ||     4
         Beast             |       |       |       |       |       |       |       |       |     3 ||     3

Table legend: (Time is in decaauts)
 A = Elapsed time spent in this place.
 B = Non-inter-level travel time spent in this place.
 C = Inter-level travel time spent in this place.
 D = Time resting spent in this place.
 E = Time spent auto-exploring this place.
 F = Levels seen in this place.
 G = Mean time per level.
                   A        B        C        D        E       F      G
               +--------+--------+--------+--------+--------+-----+--------+
         Total | 119584 | 109402 |  10182 |  29660 |  57622 |  95 | 1258.8 |
       Dungeon |  21599 |  18148 |   3451 |   1972 |  13878 |  15 | 1439.9 |
        Temple |     55 |      2 |     53 |      0 |      0 |   1 |   55.0 |
          Lair |   9016 |   8009 |   1007 |    968 |   5858 |   5 | 1803.2 |
         Swamp |   5280 |   4964 |    316 |   1633 |   2362 |   4 | 1320.0 |
     Snake Pit |   7177 |   6948 |    229 |   2190 |   3724 |   4 | 1794.2 |
    Slime Pits |   3439 |   3325 |    114 |   1554 |    875 |   5 |  687.8 |
  Orcish Mines |   2565 |   2244 |    321 |    760 |   1025 |   2 | 1282.5 |
   Elven Halls |   8454 |   7735 |    719 |   2904 |   3309 |   3 | 2818.0 |
        Vaults |  10520 |   9426 |   1094 |   1604 |   6268 |   5 | 2104.0 |
         Crypt |   4426 |   3782 |    644 |    880 |   2209 |   3 | 1475.3 |
          Tomb |   8000 |   7267 |    733 |   4635 |   1389 |   3 | 2666.7 |
        Depths |   7649 |   6440 |   1209 |   1382 |   4093 |   4 | 1912.2 |
          Hell |   1137 |   1068 |     69 |    387 |    374 |   1 | 1137.0 |
       Gehenna |     24 |     24 |      0 |      0 |      0 |   2 |   12.0 |
           Zot |   8671 |   8451 |    220 |   3053 |   4173 |   5 | 1734.2 |
         Abyss |   1508 |   1508 |      0 |    245 |    120 |   4 |  377.0 |
   Pandemonium |  20057 |  20057 |      0 |   5491 |   7962 |  29 |  691.6 |
               +--------+--------+--------+--------+--------+-----+--------+

Top non-repeatable levels by time:
  Tomb:1: 5467 daAuts
    D:10: 3315 daAuts
   Elf:2: 3278 daAuts
   Zot:1: 2977 daAuts
 Slime:5: 2967 daAuts
Vaults:4: 2924 daAuts
   Elf:3: 2724 daAuts
  Tomb:2: 2489 daAuts
  Lair:3: 2463 daAuts
   Elf:1: 2451 daAuts
 Swamp:4: 2444 daAuts
Vaults:5: 2342 daAuts
Depths:4: 2297 daAuts
 Snake:4: 2267 daAuts
 Snake:2: 2180 daAuts
